Map: Magannatha LE

Players

BlackJack

  • Race: Zerg Zerg
  • League: Gold
  • Spawn Location: 5:00

Sindyr - Winner!

  • Race: Zerg Zerg
  • League: Master
  • Spawn Location: 11:00

VOD

Have the link to the VOD?

Description

Time

  • Played on: Oct. 18, 2025, 10:12 a.m.
  • Length: 4:14
Show
View Real Time Build Order
Export as new Build Order

BlackJack Zerg 

Build Orders: Hatch First 

Get SALT Encoding   

  12  0:01  Drone  
  13  0:11  Drone  
  14  0:23  Extractor  
  14  0:24  Drone  
  14  0:27  Overlord  
  15  0:47  Drone x3  
  18  1:00  Drone  
  19  1:07  Hatchery  
  19  1:09  Drone  
  19  1:21  Spawning Pool  
  19  1:24  Drone, Extractor  
  18  1:37  Drone  
  19  1:45  Drone  
  20  2:00  Drone  
  21  2:04  Extractor  
  21  2:06  Drone  
  21  2:12  Roach Warren  
  21  2:13  Queen  
  22  2:16  Overlord  
  22  2:24  Queen  
  22  2:27  Zergling x4  
  26  2:33  Drone  
  26  2:36  Drone  
  28  2:39  Metabolic Boost  
  28  3:00  Queen  
  28  3:01  Drone x2  
  32  3:16  Drone x4  
  32  3:19  Overlord  
Show
View Real Time Build Order
Export as new Build Order

Sindyr Zerg - Winner!

Build Orders: Hatch First 

Get SALT Encoding   

  12  0:02  Drone  
  13  0:09  Drone  
  14  0:14  Extractor  
  14  0:16  Drone  
  15  0:25  Overlord  
  15  0:43  Drone x2  
  17  0:56  Hatchery  
  16  0:57  Drone  
  16  0:58  Drone  
  16  1:03  Extractor  
  17  1:15  Spawning Pool  
  16  1:18  Drone  
  16  1:22  Drone  
  18  1:28  Drone  
  19  1:40  Drone  
  20  2:07  Queen x2  
  24  2:09  Zergling x6  
  24  2:12  Overlord  
  27  2:22  Drone  
  28  2:34  Drone x3  
  31  2:43  Queen  
  33  2:44  Lair  
  33  2:49  Drone  
  33  2:50  Drone  
  35  2:56  Overlord  
  35  3:10  Evolution Chamber  
  35  3:11  Roach Warren  
  35  3:12  Drone  
  33  3:45  Drone  
  33  3:46  Drone x9  
  43  3:50  Extractor  
  43  3:51  Extractor  
Tags
 
Matchup
ZvZ
Race
Zerg
Replay Pack
Multiplayer
Spawn Locations
Cross Positions
Add a new tag
Caveats
  • Supply blocks, unpowered buildings, or Contaminate may cause inaccurate times.
  • Supply counts are checked every 10 seconds.